 Dungeon Crawl Stone Soup version 0.27.1-1-g398f81649c (webtiles) character file.

Game seed: 312232591600816548

965 pokedragonboy the Chopper (level 8, -1/63 HPs)
             Began as a Formicid Fighter on Sept 12, 2021.
             Slain by an orc warrior (11 damage)
             ... on level 6 of the Dungeon.
             The game lasted 00:09:09 (5358 turns).

pokedragonboy the Chopper (Formicid Fighter)        Turns: 5358, Time: 00:09:10

Health: -1/63      AC:  7    Str: 22    XL:     8   Next: 38%
Magic:  8/8        EV:  8    Int:  9    God:
Gold:   381        SH: 11    Dex: 10    Spells: 7/7 levels left

rFire    . . .     SeeInvis +   a - +0 war axe
rCold    . . .     Faith    .   c - +1 kite shield
rNeg     . . .     Spirit   .   b - +0 scale mail
rPois    .         Reflect  .   (helmet unavailable)
rElec    .         Harm     .   (no cloak)
rCorr    +         Rampage  .   (no gloves)
Will     .....                  (no boots)
Stlth    ..........             (no amulet)
HPRegen  0.20/turn              B - ring of resist corrosion
MPRegen  0.11/turn              (no ring)

@: no status effects
A: permanent stasis, dig shafts and tunnels, antennae 3, four strong arms
a: Dig, Shaft Self


You were on level 6 of the Dungeon.
You visited 1 branch of the dungeon, and saw 6 of its levels.

You collected 381 gold pieces.

Inventory:

Hand Weapons
 a - a +0 war axe (weapon)
 m - a +2 dagger of pain
 q - the +3 dagger "Egg" {vorpal, rC+ Dex+4}
   (You found it on level 4 of the Dungeon)

   It inflicts extra damage upon your enemies.
   Dex:       It affects your dexterity (+4).
   rC:        It protects you from cold.
Missiles
 w - a throwing net
Armour
 b - a +0 scale mail (worn)
 c - a +1 kite shield (worn)
Jewellery
 B - a ring of resist corrosion (left hand)
Wands
 r - a wand of digging (5)
Scrolls
 e - a scroll of fog
 f - a scroll of enchant armour
 h - a scroll of holy word {unknown}
 j - a scroll of fear
 k - a scroll of blinking
 l - a scroll of torment {unknown}
 n - a scroll of amnesia {unknown}
 p - a scroll of teleportation
 u - a scroll of enchant weapon {unknown}
 x - a scroll of magic mapping {unknown}
 y - a scroll of identify
 z - a scroll of acquirement {unknown}
Potions
 d - a potion of might
 g - a potion of haste {unknown}
 i - 3 potions of curing
 o - 2 potions of brilliance
 s - a potion of flight {unknown}
 t - 2 potions of lignification {unknown}
 v - a potion of heal wounds {unknown}
 A - a potion of mutation {unknown}


   Skills:
 + Level 5.5 Fighting
 * Level 6.1 Axes
 + Level 5.5 Armour
 + Level 6.0 Shields


You had 7 spell levels left.
You didn't know any spells.
Your spell library contained the following spells:

 Spells                   Type           Power      Damage    Failure   Level
 Apportation              Tloc           0%         N/A       88%         1
 Slow                     Hex            0%         N/A       96%         2
 Confusing Touch          Hex            0%         N/A       99%         3
 Alistair's Intoxication  Tmut/Pois      0%         N/A       100%        5
 Yara's Violent Unravell  Hex/Tmut       0%         3d3       100%        5
 Invisibility             Hex            0%         N/A       100%        6


Dungeon Overview and Level Annotations

Branches:
Dungeon (6/15)
 Temple: D:4-7

Altars:
Dithmenos
Makhleb
Qazlal
Trog

Annotations:
D:6 ZARRMARR's ghost, novice OpTm


Innate Abilities, Weirdness & Mutations

You cannot be hasted, slowed, berserked, paralysed or teleported.
You can dig through walls and to a lower floor.
You have a pair of large antennae on your head. (SInv)
Your four strong arms can wield two-handed weapons with a shield.


Message History

The orc moves out of view.
Okay, then.
You hit the orc warrior but do no damage.
You block the orc warrior's attack.
You barely miss the orc warrior. The orc warrior closely misses you.
The orc warrior completely misses you.
You slash the orc warrior!
The orc warrior is heavily wounded.
You block the orc warrior's attack.
You barely miss the orc warrior.
The orc warrior is heavily wounded.
You block the orc warrior's attack.
You hit the orc warrior.
The orc warrior is severely wounded.
You block the orc warrior's attack. x2
You barely miss the orc warrior.
The orc warrior is severely wounded.
The orc warrior hits you with a +1 scimitar of holy wrath!
You barely miss the orc warrior.
The orc warrior is severely wounded.
The orc warrior hits you with a +1 scimitar of holy wrath!
You closely miss the orc warrior.
The orc warrior is severely wounded.
The orc warrior barely misses you.
You closely miss the orc warrior.
The orc warrior is severely wounded.
The orc warrior hits you with a +1 scimitar of holy wrath.
The orc warrior hits you with a +1 scimitar of holy wrath!
You hit the orc warrior.
The orc warrior is severely wounded.
The orc warrior hits you but does no damage.
You hit the orc warrior.
The orc warrior is almost dead.
The orc warrior hits you with a +1 scimitar of holy wrath!
* * * LOW HITPOINT WARNING * * *
You closely miss the orc warrior.
The orc warrior is almost dead.
You block the orc warrior's attack.
The orc warrior hits you with a +1 scimitar of holy wrath!
You die...

... ... #.# #.#
###.# # ...# ...
###.###.....
###...@ooo....
#...<.###o....
###.###.###.....
... ##.........
# #.##...<.....
#..........## .
...#.#
###.####.#.#
.....#.# #.# .#
# ...#{#.# ##>#
#


You could see an orc warrior and 3 orcs.

Vanquished Creatures
  A wyvern (D:6)
  A sky beast (D:6)
  An ice beast (D:6)
  A necrophage (D:4)
  A water moccasin zombie (D:5)
  3 howler monkeys
  A centaur zombie (D:5)
  2 hounds (D:5)
  2 jellies
  2 orc priests (D:5)
  An iguana (D:5)
  An orc wizard (D:4)
  Robin (D:3)
  A gnoll (D:1)
  2 adders
  An adder skeleton (D:5)
  2 worms (D:2)
  9 dart slugs
  4 orcs
  7 ball pythons
  6 endoplasms
  4 giant cockroaches
  8 hobgoblins
  6 bats
  2 frilled lizards
  10 goblins
  2 kobolds
  3 rats
85 creatures vanquished.

Notes
Turn   | Place    | Note
-------+----------+-------------------------------------------
     0 | D:1      | pokedragonboy the Formicid Fighter began the quest for the
                  | Orb.
     0 | D:1      | Reached XP level 1. HP: 18/18 MP: 1/1
   264 | D:1      | Reached XP level 2. HP: 23/24 MP: 2/2
   407 | D:1      | Reached XP level 3. HP: 27/29 MP: 3/3
   452 | D:1      | Found a faded altar of an unknown god.
   982 | D:2      | Reached XP level 4. HP: 12/37 MP: 4/4
  1804 | D:3      | Found a burning altar of Makhleb.
  1951 | D:3      | Noticed Robin
  1958 | D:3      | Killed Robin
  1990 | D:3      | Found a bloodstained altar of Trog.
  2424 | D:4      | Reached XP level 5. HP: 40/42 MP: 5/5
  2708 | D:4      | Identified the +3 dagger "Egg" {vorpal, rC+ Dex+4}
  2727 | D:4      | Noticed a necrophage
  2745 | D:4      | Killed a necrophage
  2746 | D:4      | Reached XP level 6. HP: 35/49 MP: 6/6
  2956 | D:4      | Found a stormy altar of Qazlal.
  3506 | D:5      | Entered Level 5 of the Dungeon
  3583 | D:5      | Reached skill level 5 in Shields
  3583 | D:5      | Reached XP level 7. HP: 55/55 MP: 7/7
  3776 | D:5      | Reached skill level 5 in Axes
  3819 | D:5      | Found a shadowy altar of Dithmenos.
  4128 | D:5      | Reached skill level 5 in Fighting
  4141 | D:5      | Reached skill level 5 in Armour
  4835 | D:6      | Reached XP level 8. HP: 21/62 MP: 8/8
  5125 | D:6      | Noticed ZARRMARR's ghost (novice OpTm)
  5201 | D:6      | Noticed a wyvern
  5208 | D:6      | Killed a wyvern
  5358 | D:6      | Slain by an orc warrior

Illustrated notes

Levels and vault maps discovered:
D:1:      erik_arrival_orb_chamber, layout_rooms,
          chequers_ecumenical_altar_island, amcnicky_mini_corridor_feature
D:2:      layout_basic, minmay_diced_spiral
D:3:      layout_loops_cross, nicolae_overflow_hidden_temple,
          mainiacjoe_overflow_surrounded_room, uniq_robin
D:4:      layout_basic, grunt_qazlal_sundering
D:5:      kennysheep_slugbush, layout_loops_cross,
          grunt_dithmenos_smoke_and_mirrors
D:6:      layout_loops_ring, mainiacjoe_overflow_boulevard, ashenzari_altar_1,
          minmay_temple_entry_overgrown, gammafunk_ghost_split,
          serial_co_window_serial, co_window_corner_a, co_window_cross_1,
          co_window_paths_a, co_window_paths_a, co_window_paths_a,
          co_window_corner_cb, co_window_broadway_a, co_window_2corner,
          co_window_corner_cb, co_window_corner_b, glass_columns_a,
          glass_columns_a, glass_columns_c, glass_columns_b, glass_columns_a

Skill      XL: |  1  2  3  4  5  6  7  8 |
---------------+-------------------------+-----
Shields        | 4 5 6 |  6.0
Axes           | 3 4 5 6 |  6.1
Fighting       | 4 5 |  5.5
Armour         | 4 5 |  5.5

Action                   |  1- 3 |  4- 6 |  7- 9 || total
-------------------------+-------+-------+-------++-------
Melee: War axe           |    73 |   123 |   116 ||   312
 Abil: Dig               |       |     1 |     1 ||     2
  Use: Scroll            |       |     1 |     6 ||     7
 Stab: Distracted        |       |       |     1 ||     1
Armor: Scale mail        |    40 |    48 |    34 ||   122
Dodge: Dodged            |    18 |    31 |    31 ||    80
Block: Kite shield       |    50 |    57 |    58 ||   165
